Unix NetHack Version 5.0.0-0 post-release - last build Jul 19 2026 19:10:59 (3aa4ab31751d3886436d94b585a96704892fd477,branch:main).

Game began 2026-07-21 16:37:50, ended 2026-07-21 18:02:45.

CheBegorr4h, neutral female human Tourist

                                       -----
                                       |.%Z-#     --------               -----
                                       |"""|#  ###.........|             |...|
                                       -Z..|# ##  |........|             |...|
                                       -----# #   |........-#            |...|
                                           ## #   |.......<|#            |...|
                                           #  #   -----|----#        ####-...|
                                           #  #        #    #        #   -----
                                           #         ###    #        #
                                           #         #      #        #
                                          ##         #      #        #
                                          #          #     ##        #
                                          #          #     #         #
                                         ##          #     #      ####
                                         #------    -|-   ##     ##
                                         #-...`...{...|   #------#
                                          |...........|   #|....-#
                                          |...........|   #-....|
                                                           ------

CheBegorr4h the Human Zombie  St:11 Dx:15 Co:18 In:13 Wi:8 Ch:14  Neutral
Dlvl:17 $:551 HP:26(26) Pw:29(29) AC:-5 HD:4 T:6708 

Latest messages:
 That door is closed.
 The door opens.
 That door is closed.
 That door is closed.
 The door opens.
 The giant spider just misses!
 The giant spider bites!
 You hit the giant spider.
 The giant spider bites!
 You hit the giant spider.
 The giant spider bites!
 You hit the giant spider!
 The giant spider bites!
 You hit the giant spider.
 The giant spider misses!
 The giant spider misses!
 You hit the giant spider!
 The giant spider just misses!
 The giant spider bites!
 You hit the giant spider!
 The giant spider turns to flee.
 You stumble into a spider web!
 You are stuck to the web.
 You are stuck to the web.
 You are stuck to the web.
 You kill the giant spider!
 You disentangle yourself.
 You see here a giant spider corpse.
 You see here a jade ring.
 You stumble into a spider web!
 u - a jade ring.
 What do you want to put on? [uK or ?*] u
 Which ring-finger, Right or Left? [rl] l
 u - a jade ring (on left hand).
 You can't.  It is cursed.
 You are stuck to the web.
 You are stuck to the web.
 You are stuck to the web.
 You are stuck to the web.
 You turn into a female Elvenqueen!
 You disentangle yourself.
 $ - 40 gold pieces (551 in total).
 You stumble into a spider web!
 You turn into a female human zombie!
 You disentangle yourself.
 The door resists!
 The door resists!
 The door opens.
 Really quit without saving? [yn] (n) y
 Do you want your possessions identified? [ynq] (y) q

Inventory:
 Coins    ('$')
  $ - 551 gold pieces
 Weapons  (')')
  a - 13 +2 darts (at the ready)
  X - 7 +0 shuriken
  E - a blessed +0 dagger named ok (weapon in right hand)
  z - 3 +0 daggers named ok
  q - a blessed +1 elven dagger
  v - a rusty +0 long sword named ok
 Armor    ('[')
  W - an uncursed +0 orcish helm (being worn)
  A - an uncursed +2 pair of iron shoes (being worn)
  o - an uncursed +0 orcish shield (being worn)
  k - an uncursed burnt +0 cloak of protection (being worn)
  h - a blessed +0 Hawaiian shirt with a giant eel motif (being worn)
  m - an uncursed +0 elven mithril-coat (being worn)
 Comestibles  ('%')
  j - 2 uncursed slime molds
  d - an uncursed clove of garlic
  B - an uncursed orange
 Scrolls  ('?')
  V - an uncursed scroll of charging
  g - 4 uncursed scrolls of magic mapping
 Rings    ('=')
  u - a cursed ring of polymorph (on left hand)
  K - an uncursed ring of sustain ability
 Wands    ('/')
  H - a wand of digging (0:0)
  L - a wand of magic missile (0:0)
  I - a wand of probing (0:4)
  Q - a wand of slow monster named Empty (0:0)
  s - a wand of wishing (0:1)
 Tools    ('(')
  x - a cursed sack containing 3 items
  l - an uncursed wooden flute
  J - an uncursed brass lantern
  F - an uncursed credit card
  i - an expensive camera (0:78)
  M - a magic marker (0:42)
  e - an uncursed skeleton key
  S - an uncursed stethoscope
  r - an uncursed tin whistle
 Gems/Stones  ('*')
  D - 3 uncursed worthless pieces of red glass
  G - an uncursed worthless piece of white glass

Contents of the sack:
  an uncursed potion of confusion
  an uncursed potion of see invisible
  an uncursed potion of oil

CheBegorr4h the Tourist's attributes:

Background:
 You were in female human zombie form.
 You were actually an Excursionist, a level 8 male human Tourist.
 You were neutral, nominally on a mission for The Lady
 who was opposed by Blind Io (lawful) and Offler (chaotic).
 You were right-handed.
 You were in the Dungeons of Doom, on level 17.
 You entered the dungeon 6708 turns ago.

Basics:
 You had all 26 hit points.
 You had all 29 energy points (spell power).
 You had 4 hit dice.
 Your armor class was -5.
 Your wallet contained 551 zorkmids.
 Autopickup was on for '$!/(' plus thrown, with exceptions.

Final Characteristics:
 Your strength was 11.
 Your dexterity was 15.
 Your constitution was 18.
 Your intelligence was 13.
 Your wisdom was 8.
 Your charisma was 14.

Final Status:
 You were transformed.
 You weren't hungry.
 You were unencumbered.
 You were wielding a dagger.
 You had expert skill with dagger.

Final Attributes:
 You were piously aligned.
 You were cold resistant.
 You were sleep resistant.
 You were poison resistant.
 You were level-drain resistant.
 You had infravision.
 You could survive without air.
 You were protected.
 You were polymorphing periodically.
 You were polymorphed into a human zombie.
 You survived.

Miscellaneous:
 You didn't encounter any bones levels.
 Total elapsed playing time was 1 hour, 24 minutes and 55 seconds.

Major events:
 Turn
    1: CheBegorr4h the neutral male human Tourist entered the dungeon
  614: entered the Gnomish Mines
  639: attained the rank of Sightseer (level 3)
 3352: attained the rank of Excursionist (level 6)
 4259: entered Sokoban
 5356: entered the Bigroom
 6708: quit

You didn't know any spells.

Skills:
 Fighting Skills
   bare handed combat [Unskilled]
   two weapon combat  [Unskilled]
   riding             [Unskilled]
 Weapon Skills
   dagger             [Expert]
   knife              [Unskilled]
   axe                [Unskilled]
   pick-axe           [Unskilled]
   short sword        [Unskilled]
   broadsword         [Unskilled]
   long sword         [Unskilled]
   two-handed sword   [Unskilled]
   saber              [Unskilled]
   mace               [Unskilled]
   morning star       [Unskilled]
   flail              [Unskilled]
   hammer             [Unskilled]
   quarterstaff       [Unskilled]
   polearms           [Unskilled]
   spear              [Unskilled]
   trident            [Unskilled]
   lance              [Unskilled]
   bow                [Unskilled]
   sling              [Unskilled]
   crossbow           [Unskilled]
   dart               [Basic]
   shuriken           [Unskilled]
   boomerang          [Unskilled]
   whip               [Unskilled]
   unicorn horn       [Unskilled]
 Spellcasting Skills
   divination spells  [Unskilled]
   enchantment spells [Unskilled]
   escape spells      [Unskilled]

Voluntary challenges:
 Character rerolling was not enabled.
 You followed a strict vegan diet.
 You were an atheist.
 You never genocided any monsters.
 You never polymorphed an object.
 You used no wishes.
 You did not violate any of the special Sokoban rules.
Achievements:
 You entered a shop.
 You entered the Gnomish Mines.
 You attained the rank of Sightseer.
 You attained the rank of Excursionist.
 You entered Sokoban.
 You entered the Big Room.

 The Dungeons of Doom: levels 1 to 17
    Level 1:
    Level 2:
       A general store.
       Stairs down to The Gnomish Mines.
    Level 3:
       A weapon shop, a fountain.
    Level 4:
       A potion shop, an altar, a fountain.
    Level 5:
       A scroll shop, a fountain.
    Level 6:
       A sink.
    Level 7:
       Some fountains.
    Level 8:
       Many fountains.
       Oracle of Delphi.
    Level 9:
       A general store.
       Stairs up to Sokoban, level 8.
    Level 10:
       A fountain.
    Level 11:
    Level 12:
       Many fountains.
       A very big room.
    Level 13:
       A throne, a fountain.
    Level 14:
       A fountain.
    Level 15:
       Summoned by Twoflower.
    Level 16:
       A primitive area.
    Level 17: <- You were here.
       A sink.
 The Gnomish Mines: levels 3 to 4
    Level 3:
    Level 4:
 Sokoban:
    Level 8:
       Unsolved.


Vanquished creatures:
  a doppelganger
  a large mimic
  a flaming sphere
  a wraith
 an amorous demon
  a giant beetle
  a quivering blob
  a gremlin
  a leprechaun
  a giant spider
  a scorpion
 an orc mummy
  a jaguar
  a blue jelly
  a plains centaur
  a human zombie
  a fire ant
  2 imps
  a wood nymph
  a water nymph
  a mountain nymph
  7 Mordor orcs
  2 rock piercers
  a rock mole
  2 fog clouds
  2 shriekers
  3 gnome leaders
  2 gnomish wizards
  a gray ooze
  a ghoul
  a straw golem
  a baby crocodile
  a little dog
  2 floating eyes
  3 dwarves
  a kobold leader
  5 rothes
  a monkey
  a dwarf zombie
  a werejackal
  4 iguanas
  2 killer bees
 an acid blob
  a coyote
  a gas spore
  3 hobbits
  6 manes
  a large kobold
  5 giant rats
  3 cave spiders
  a red mold
  9 gnomes
  2 garter snakes
  3 gnome zombies
  2 geckos
  3 jackals
  a fox
  2 kobolds
  3 goblins
  a sewer rat
  2 grid bugs
  a bat
  5 lichens
  3 kobold zombies
  7 newts
132 creatures vanquished.

No species were genocided or became extinct.

Aloha CheBegorr4h the Tourist...

You quit in The Dungeons of Doom on dungeon level 17 with 7904 points,
and 551 pieces of gold, after 6708 moves.
You were level 8 with a maximum of 65 hit points when you quit.

